AoeStats
← Panny-kun

Arena

509863406Analyzed
1v1 RM · 4d ago on Sep 28, 2026· 25m 30s· 2 players
Game mode
Random Map
Map size
Tiny (2 player)
Population
200
Speed
Normal
Resources
Standard
Victory
Conquest
Starting age
Dark Age
Ending age
Imperial Age
RankedLock teamsTeams togetherTeam positionsShared explorationLock speedFull tech treeHidden civsTurbo modeCheats
Victory
Defeat
🇮🇹 Japanese · Italy
1284
+16
🇵🇭 Celts · Philippines
1276
-16
Panny-kun
10:09 Feudal Age
13:56 Castle Age
12:57 Double-Bit Axe
13:19 Loom
ema.bale99
10:45 Feudal Age
15:13 Castle Age
13:14 Double-Bit Axe
13:17 Horse Collar
17:28 Bow Saw
21:27 Wheelbarrow
22:26 Town Watch
22:31 Loom
23:39 Heavy Plow
Connection lost

Rejoining the realm…

Still unreachable

The connection could not be restored.

Session expired

The server has moved on; the page needs a fresh start.